 Dungeon Crawl Stone Soup version 0.29.0-4-gdea44cf6ec (webtiles) character file.

Game seed: 17013805512573628912

13853 qw the Severer (level 11, -2/104 HPs)
             Began as a Minotaur Berserker on Sept 10, 2022.
             Was an Elder of Trog.
             Slain by an ice devil (9 damage)
             ... on level 1 of the Lair of Beasts.
             The game lasted 00:03:39 (12186 turns).

qw the Severer (Minotaur Berserker)                Turns: 12186, Time: 00:03:40

Health: -2/104     AC: 19    Str: 32    XL:     11   Next: 81%
Magic:  0/10       EV:  9    Int:  4    God:    Trog [****..]
Gold:   512        SH:  0    Dex: 10    Spells: 10/10 levels left

rFire   . . .      SeeInvis .   Y - +2 war axe
rCold   + . .      Faith    .   (no shield)
rNeg    . . .      Spirit   +   b - +0 plate armour
rPois   .          Reflect  .   (helmet unavailable)
rElec   .          Harm     .   r - +0 cloak
rCorr   .          Rampage  .   g - +0 pair of gloves {hurl}
Will    .....                   p - +0 pair of boots
Stlth   ..........              k - amulet of guardian spirit
HPRegen 0.27/turn               o - +6 ring of strength
MPRegen 0.12/turn               m - ring of protection from cold

@: on berserk cooldown, slowed, very slow
A: horns 3, retaliatory headbutt, sense surroundings 1
a: Renounce Religion, Berserk, Trog's Hand, Brothers in Arms


You were on level 1 of the Lair of Beasts.
You worshipped Trog.
Trog was greatly pleased with you.
You visited 2 branches of the dungeon, and saw 9 of its levels.

You collected 687 gold pieces.
You spent 175 gold pieces at shops.


Innate Abilities, Weirdness & Mutations

You have a pair of large horns on your head.
You reflexively headbutt those who attack you in melee.
You passively map a small area around you.


   Skills:
 + Level 11.7 Fighting
 - Level 16.1 Axes
 - Level 3.3 Throwing
 - Level 11.1 Armour
 - Level 4.0 Dodging


You had 10 spell levels left.
You didn't know any spells.
Your spell library was empty.

Inventory:

Hand Weapons
 t - a +0 flail of draining
 Y - a +2 war axe (weapon)
Armour
 b - a +0 plate armour (worn)
 g - a +0 pair of gloves of hurling (worn)
 p - a +0 pair of boots (worn)
 r - a +0 cloak (worn)
Jewellery
 d - a ring of willpower
 k - an amulet of guardian spirit (around neck)
 m - a ring of protection from cold (right hand)
 o - a +6 ring of strength (left hand)
Scrolls
 n - a scroll of identify
Potions
 a - 6 potions of curing
 e - 4 potions of haste
 f - a potion of cancellation
 h - 2 potions of mutation
 l - a potion of resistance

Dungeon Overview and Level Annotations

Branches:
Dungeon (8/15)             Temple (0/1) D:4            Lair (1/5) D:8

Altars:
Ashenzari
Cheibriados
Elyvilon
Hepliaklqana
Kikubaaqudgha
Trog
Wu Jian
Xom
Yredelemnul

Shops:
D:3 *   D:8 ([

Annotations:
D:3 1 runed translucent door, qw's ghost, amateur DsCA


Message History

The komodo dragon bites you but does no damage.
The ice devil hits you. The ice devil freezes you! You resist.
The wolf bites you but does no damage. The ice devil completely misses you.
You furiously retaliate!
You headbutt the ice devil. You slice the komodo dragon!!
You kill the komodo dragon!
Trog accepts your kill.
You slash the ice devil! You hit the wolf.
You hit the ice devil but do no damage. The wolf barely misses you.
The ice devil barely misses you. The wolf bites you but does no damage.
The ice devil closely misses you.
You hit the ice devil. Your headbutt misses the ice devil.
The ice devil is severely wounded.
You slice the bog body!! You completely miss the wolf. You hit the ice devil.
The wolf closely misses you. You furiously retaliate!
You headbutt the wolf. The ice devil barely misses you. The ice devil hits you.
The ice devil freezes you! You resist.
You slash the bog body!
The bog body is almost destroyed.
You slash the ice devil! You hit the white imp but do no damage.
You slash the wolf! You closely miss the ice devil. The wolf bites you.
The bog body casts a spell at you. The bolt of cold hits you. You resist.
The bolt of cold hits the white imp.
The white imp resists.
The wolf barely misses you.
The ice devil hits you but does no damage. x2
The white imp is engulfed in freezing vapours.
The white imp completely misses you. You furiously retaliate!
You headbutt the white imp!
You kill the white imp!
Trog accepts your kill.
You can now call in reinforcements.
You slash the bog body!
You destroy the bog body!
Trog accepts your kill.
Trog appreciates your killing of a magic user.
You closely miss the wolf. You hit the ice devil. You slash the ice devil!
The wolf bites you but does no damage.
The ice devil hits you but does no damage.
The wolf bites you but does no damage. The ice devil hits you!
You die...

#.~~~ #..............
#~.~~##..............
#.~~~~#..............
#.~~~~#..............
#..~~~%%.............
#...~~~..............
#..~~~~..............
#..0~~~..............
#..h@~~~........
#..44%~~........
#8...~~~........
#$...~~~........ ,
#(...~~~.......$
#}...~~~../..... ,
#)\[.~~~....... , ,,,
#[...~~~...... ,
#(...~~~..... ,


You could see 2 ice devils and a wolf.

Vanquished Creatures
  A hydra (Lair:1)
  A boulder beetle (D:8)
  A catoblepas (D:8)
  A death yak (Lair:1)
  A tengu warrior (D:8)
  A bog body (Lair:1)
  A deep elf pyromancer (D:8)
  2 ugly things (D:8)
  A torpor snail (Lair:1)
  Joseph (D:7)
  6 cane toads (Lair:1)
  An entropy weaver simulacrum (Lair:1)
  3 komodo dragons (Lair:1)
  A troll (D:8)
  A polar bear (Lair:1)
  Prince Ribbit (D:7)
  A shadow (D:8)
  4 yaks
  A steam dragon (D:8)
  3 wyverns (D:8)
  Menkaure (D:7)
  A vampire mosquito (D:8)
  4 water moccasins
  An acid dragon (D:8)
  3 orc warriors
  A sky beast (D:8)
  5 ogres (D:7)
  2 wolves (Lair:1)
  6 centaurs
  A phantom (D:7)
  2 kobold brigands
  5 bullfrogs
  3 necrophages
  3 gnoll sergeants (D:8)
  A cane toad simulacrum (Lair:1)
  2 scorpions (D:5)
  3 wights (D:7)
  An elephant simulacrum (Lair:1)
  8 howler monkeys
  A jelly (D:5)
  3 orc priests (D:8)
  4 gnoll boudas
  2 iguanas
  5 orc wizards (D:8)
  5 adders
  15 gnolls
  A shadow imp (D:5)
  3 white imps
  2 worms (D:4)
  A dart slug (D:5)
  25 orcs
  7 ball pythons
  3 bats
  10 endoplasms
  5 giant cockroaches
  13 goblins
  4 hobgoblins
  5 jackals (D:2)
  8 kobolds
  A quokka (D:5)
  4 frilled lizards
  5 rats (D:1)
218 creatures vanquished.

Vanquished Creatures (others)
  5 fungi
  6 plants
11 creatures vanquished.

Grand Total: 229 creatures vanquished

Notes
Turn   | Place    | Note
-------+----------+-------------------------------------------
     0 | D:1      | qw the Minotaur Berserker began the quest for the Orb.
     0 | D:1      | Reached XP level 1. HP: 19/19 MP: 0/0
     0 | D:1      | 0 ||| qw: Version: 0.1-a-113-g051387a
     0 | D:1      | 0 ||| qw: Game counter: 7378
     0 | D:1      | 0 ||| qw: Always use a shield: true
     0 | D:1      | 0 ||| qw: Do Orc after D:15 true
     0 | D:1      | 0 ||| qw: Do second Lair branch before Depths: true
     0 | D:1      | 0 ||| qw: Lair rune preference: random
     0 | D:1      | 0 ||| qw: Plans: Normal
     0 | D:1      | 0 ||| PLANNING D:1-11
   180 | D:1      | Reached skill level 4 in Axes
   206 | D:1      | Reached XP level 2. HP: 22/26 MP: 1/1
   421 | D:1      | Found a faded altar of an unknown god.
   565 | D:1      | Found Kithrof's Book Emporium.
   579 | D:1      | Reached ** piety under Trog
   667 | D:1      | Reached skill level 5 in Axes
   835 | D:1      | Reached XP level 3. HP: 31/31 MP: 2/2
  1231 | D:1      | 1231 ||| UPGRADING to +0 leather armour.
  1241 | D:1      | 1241 ||| DROPPING +0 animal skin.
  1242 | D:1      | 1242 ||| UPGRADING to ring of protection from cold.
  1243 | D:1      | 1243 ||| DRINKING 2 coppery potions.
  1243 | D:1      | Gained mutation: You passively map a small area around you.
                  | [potion of mutation]
  1243 | D:1      | Gained mutation: You have a pair of large horns on your
                  | head. [potion of mutation]
  1272 | D:2      | 1272 ||| Stepping ~*~*~tactically~*~*~ (stealth).
  1309 | D:2      | 1309 ||| Stepping ~*~*~tactically~*~*~ (stealth).
  1329 | D:2      | 1329 ||| Stepping ~*~*~tactically~*~*~ (stealth).
  1824 | D:2      | 1824 ||| Stepping ~*~*~tactically~*~*~ (stealth).
  1826 | D:2      | 1826 ||| Stepping ~*~*~tactically~*~*~ (stealth).
  1828 | D:2      | 1828 ||| Stepping ~*~*~tactically~*~*~ (stealth).
  1836 | D:2      | 1836 ||| Stepping ~*~*~tactically~*~*~ (stealth).
  1837 | D:2      | 1837 ||| Stepping ~*~*~tactically~*~*~ (stealth).
  1838 | D:2      | 1838 ||| Stepping ~*~*~tactically~*~*~ (stealth).
  1839 | D:2      | 1839 ||| Stepping ~*~*~tactically~*~*~ (stealth).
  1846 | D:2      | Reached skill level 6 in Axes
  1846 | D:2      | Reached XP level 4. HP: 38/39 MP: 3/3
  1895 | D:2      | 1895 ||| Stepping ~*~*~tactically~*~*~ (hiding).
  2050 | D:2      | 2050 ||| UPGRADING to +0 plate armour.
  2060 | D:2      | 2060 ||| DROPPING +0 leather armour.
  2061 | D:2      | 2061 ||| READING scroll labelled XIRHICYTAX.
  2244 | D:3      | Found a runed translucent door.
  2248 | D:3      | Noticed qw's ghost (amateur DsCA)
  2263 | D:3      | 2263 ||| Stepping ~*~*~tactically~*~*~ (stealth).
  2309 | D:3      | 2309 ||| Stepping ~*~*~tactically~*~*~ (stealth).
  2450 | D:3      | 2450 ||| DROPPING +0 mace.
  2529 | D:3      | Found Qiuff's General Store.
  2537 | D:3      | 2537 ||| SHOPLISTING +4 war axe of Linearity {venom, Int+7}
                  | (596 gold, have 136).
  2537 | D:3      | 2537 ||| SHOPLISTING +5 chain mail of Valour {Regen+ Str+8
                  | Slay+3} (856 gold, have 136).
  2537 | D:3      | 2537 ||| BUYING scroll of identify (26 gold).
  2537 | D:3      | Bought a scroll of identify for 26 gold pieces
  2705 | D:3      | 2705 ||| UPGRADING to amulet of guardian spirit.
  2710 | D:3      | 2710 ||| UPGRADING to ring of willpower.
  2711 | D:3      | 2711 ||| UPGRADING to +6 ring of strength.
  2713 | D:3      | 2713 ||| UPGRADING to ring of protection from cold.
  2715 | D:3      | 2715 ||| READING 2 scrolls labelled BUELEF WI QOEBB.
  2759 | D:3      | 2759 ||| READING scroll labelled GUQ HAMIRATHI.
  2760 | D:3      | 2760 ||| DRINKING 2 sedimented purple potions.
  2761 | D:3      | 2761 ||| READING 3 scrolls of identify.
  2761 | D:3      | 2761 ||| IDENTIFYING emerald potion
  2762 | D:3      | 2762 ||| READING 2 scrolls of identify.
  2762 | D:3      | 2762 ||| IDENTIFYING bubbling puce potion
  2763 | D:3      | 2763 ||| DROPPING potion of attraction.
  2764 | D:3      | 2764 ||| DROPPING potion of flight.
  2830 | D:4      | 2830 ||| Stepping ~*~*~tactically~*~*~ (stealth).
  2949 | D:4      | 2949 ||| Stepping ~*~*~tactically~*~*~ (stealth).
  2950 | D:4      | 2950 ||| Stepping ~*~*~tactically~*~*~ (stealth).
  2976 | D:4      | 2976 ||| FLEEEEING.
  3375 | D:4      | Found a staircase to the Ecumenical Temple.
  3730 | D:4      | 3730 ||| READING scroll labelled GIPASIADGHU.
  3731 | D:4      | 3731 ||| READING scroll labelled PUERU JAIRHUA.
  3732 | D:4      | 3732 ||| READING scroll labelled HAOROE XAUDAOP.
  3733 | D:4      | 3733 ||| DRINKING 2 metallic blue potions.
  3734 | D:4      | 3734 ||| READING scroll of teleportation.
  3743 | D:5      | Entered Level 5 of the Dungeon
  3749 | D:5      | Reached *** piety under Trog
  3751 | D:5      | Reached XP level 5. HP: 45/45 MP: 4/4
  3753 | D:5      | Reached skill level 7 in Axes
  3765 | D:5      | Found a bloodstained altar of Trog.
  3774 | D:5      | Found a snail-covered altar of Cheibriados.
  3862 | D:5      | Found a hazy altar of Hepliaklqana.
  3863 | D:5      | Found a shimmering altar of Xom.
  3864 | D:5      | Noticed a centaur
  3864 | D:5      | Noticed a spectral ugly thing
  4049 | D:5      | Noticed a centaur
  4058 | D:5      | Killed a centaur
  4059 | D:5      | Reached XP level 6. HP: 28/53 MP: 1/5
  4243 | D:5      | Found an ornate altar of the Wu Jian Council.
  4243 | D:5      | Found an ancient bone altar of Kikubaaqudgha.
  4249 | D:5      | Found a broken altar of Ashenzari.
  4251 | D:5      | Found a basalt altar of Yredelemnul.
  4253 | D:5      | Found a white marble altar of Elyvilon.
  4341 | D:5      | Reached skill level 8 in Axes
  4703 | D:5      | 4703 ||| Stepping ~*~*~tactically~*~*~ (hiding).
  4737 | D:5      | 4737 ||| INVOKING Berserk.
  4741 | D:5      | Reached skill level 3 in Armour
  4941 | D:5      | 4941 ||| READING scroll labelled WOXAS ZUTWIC.
  4942 | D:5      | 4942 ||| READING 2 scrolls of identify.
  4942 | D:5      | 4942 ||| IDENTIFYING puce potion
  5012 | D:6      | 5012 ||| Stepping ~*~*~tactically~*~*~ (stealth).
  5030 | D:6      | Reached XP level 7. HP: 50/60 MP: 3/6
  5033 | D:6      | 5033 ||| FLEEEEING.
  5034 | D:6      | 5034 ||| FLEEEEING.
  5035 | D:6      | 5035 ||| FLEEEEING.
  5036 | D:6      | 5036 ||| FLEEEEING.
  5037 | D:6      | 5037 ||| FLEEEEING.
  5041 | D:6      | 5041 ||| FLEEEEING.
  5042 | D:6      | 5042 ||| STAIRDANCE
  5099 | D:6      | Reached skill level 9 in Axes
  5101 | D:6      | 5101 ||| SWAPPING to +0 hand axe of freezing.
  5102 | D:6      | 5102 ||| DROPPING +0 hand axe.
  5125 | D:6      | 5125 ||| Stepping ~*~*~tactically~*~*~ (hiding).
  5126 | D:6      | 5126 ||| SWAPPING to +0 war axe.
  5140 | D:6      | 5140 ||| DROPPING +0 hand axe of freezing.
  5277 | D:6      | 5277 ||| Stepping ~*~*~tactically~*~*~ (hiding).
  5293 | D:6      | 5293 ||| INVOKING Berserk.
  5302 | D:6      | Reached skill level 10 in Axes
  5412 | D:6      | 5412 ||| Stepping ~*~*~tactically~*~*~ (stealth).
  5413 | D:6      | 5413 ||| Stepping ~*~*~tactically~*~*~ (stealth).
  5610 | D:6      | 5610 ||| Stepping ~*~*~tactically~*~*~ (stealth).
  5611 | D:6      | 5611 ||| Stepping ~*~*~tactically~*~*~ (stealth).
  5885 | D:6      | 5885 ||| UPGRADING to +0 cloak.
  5890 | D:6      | 5890 ||| READING scroll labelled LELUL QESO.
  5891 | D:6      | 5891 ||| READING scroll labelled YRRARE FYOGU.
  5892 | D:6      | 5892 ||| DRINKING 2 bubbling emerald potions.
  5929 | D:6      | 5929 ||| READING 2 scrolls of identify.
  5929 | D:6      | 5929 ||| IDENTIFYING lumpy emerald potion
  5930 | D:6      | 5930 ||| DROPPING potion of invisibility.
  5931 | D:6      | 5931 ||| DROPPING potion of lignification.
  5957 | D:7      | Noticed Menkaure
  5959 | D:7      | 5959 ||| INVOKING Berserk.
  5962 | D:7      | Killed Menkaure
  5963 | D:7      | Reached XP level 8. HP: 69/69 MP: 7/7
  5967 | D:7      | Found a flagged portal.
  5985 | D:7      | Reached skill level 6 in Fighting
  5986 | D:7      | Noticed Joseph
  5991 | D:7      | Noticed Prince Ribbit
  5997 | D:7      | Killed Joseph
  5998 | D:7      | Reached skill level 11 in Axes
  5998 | D:7      | HP: 14/70 [Prince Ribbit (6)]
  5999 | D:7      | 5999 ||| DRINKING potion of heal wounds.
  6002 | D:7      | 6002 ||| INVOKING Berserk.
  6006 | D:7      | Killed Prince Ribbit
  6007 | D:7      | Reached skill level 12 in Axes
  6030 | D:7      | 6030 ||| Stepping ~*~*~tactically~*~*~ (stealth).
  6042 | D:7      | HP: 12/70 [wight/+0 great sword (9)]
  6257 | D:7      | 6257 ||| FLEEEEING.
  6258 | D:7      | 6258 ||| FLEEEEING.
  6259 | D:7      | 6259 ||| FLEEEEING.
  6260 | D:7      | 6260 ||| FLEEEEING.
  6261 | D:7      | 6261 ||| FLEEEEING.
  6262 | D:7      | 6262 ||| FLEEEEING.
  6263 | D:7      | 6263 ||| FLEEEEING.
  6264 | D:7      | 6264 ||| FLEEEEING.
  6265 | D:7      | 6265 ||| FLEEEEING.
  6266 | D:7      | 6266 ||| STAIRDANCE
  6609 | D:7      | 6609 ||| INVOKING Berserk.
  6618 | D:7      | Reached XP level 9. HP: 74/77 MP: 5/8
  6735 | D:7      | 6735 ||| DROPPING +2 mace of holy wrath.
  6739 | D:7      | 6739 ||| Stepping ~*~*~tactically~*~*~ (hiding).
  6741 | D:7      | 6741 ||| FLEEEEING.
  6744 | D:7      | 6744 ||| INVOKING Berserk.
  6880 | D:7      | 6880 ||| Stepping ~*~*~tactically~*~*~ (hiding).
  6886 | D:7      | 6886 ||| INVOKING Berserk.
  6901 | D:7      | Reached skill level 13 in Axes
  6901 | D:7      | 6901 ||| Stepping ~*~*~tactically~*~*~ (hiding).
  7069 | D:7      | 7069 ||| INVOKING Berserk.
  7079 | D:7      | Reached skill level 6 in Armour
  7182 | D:7      | 7182 ||| INVOKING Berserk.
  7208 | D:7      | 7208 ||| FLEEEEING.
  7209 | D:7      | 7209 ||| FLEEEEING.
  7210 | D:7      | 7210 ||| FLEEEEING.
  7211 | D:7      | 7211 ||| FLEEEEING.
  7212 | D:7      | 7212 ||| FLEEEEING.
  7213 | D:7      | 7213 ||| FLEEEEING.
  7214 | D:7      | 7214 ||| FLEEEEING.
  7216 | D:7      | 7216 ||| FLEEEEING.
  7217 | D:7      | 7217 ||| FLEEEEING.
  7218 | D:7      | 7218 ||| INVOKING Berserk.
  7350 | D:7      | 7350 ||| INVOKING Berserk.
  7785 | D:7      | 7785 ||| READING scroll labelled PITZUO EXKE.
  7940 | D:7      | 7940 ||| DRINKING 2 murky silvery potions.
  7941 | D:7      | 7941 ||| READING 2 scrolls of identify.
  7941 | D:7      | 7941 ||| IDENTIFYING red potion
  7942 | D:7      | 7942 ||| DROPPING potion of ambrosia.
  7988 | D:8      | Found Cocs's Weapon Shop.
  7989 | D:8      | 7989 ||| STAIRDANCE
  8002 | D:8      | 8002 ||| STAIRDANCE
  8109 | D:8      | 8109 ||| FLEEEEING.
  8110 | D:8      | 8110 ||| FLEEEEING.
  8111 | D:8      | 8111 ||| STAIRDANCE
  8221 | D:8      | 8221 ||| INVOKING Berserk.
  8625 | D:8      | Found Etoliax's Armour Shoppe.
  8630 | D:8      | Reached skill level 14 in Axes
  8805 | D:8      | 8805 ||| BUYING +0 pair of gloves of hurling (149 gold).
  8805 | D:8      | Bought a +0 pair of gloves of hurling for 149 gold pieces
  8858 | D:8      | Found a staircase to the Lair.
  8894 | D:8      | 8894 ||| Stepping ~*~*~tactically~*~*~ (hiding).
  8895 | D:8      | 8895 ||| Stepping ~*~*~tactically~*~*~ (hiding).
  8898 | D:8      | 8898 ||| Stepping ~*~*~tactically~*~*~ (hiding).
  8907 | D:8      | 8907 ||| Stepping ~*~*~tactically~*~*~ (stealth).
  8909 | D:8      | 8909 ||| Stepping ~*~*~tactically~*~*~ (hiding).
  8910 | D:8      | 8910 ||| Stepping ~*~*~tactically~*~*~ (hiding).
  8919 | D:8      | Reached skill level 3 in Dodging
  9063 | D:8      | 9063 ||| Stepping ~*~*~tactically~*~*~ (stealth).
  9065 | D:8      | 9065 ||| Stepping ~*~*~tactically~*~*~ (hiding).
  9066 | D:8      | 9066 ||| Stepping ~*~*~tactically~*~*~ (hiding).
  9068 | D:8      | 9068 ||| INVOKING Berserk.
  9071 | D:8      | Reached **** piety under Trog
  9336 | D:8      | 9336 ||| Stepping ~*~*~tactically~*~*~ (hiding).
  9351 | D:8      | 9351 ||| Stepping ~*~*~tactically~*~*~ (hiding).
  9398 | D:8      | 9398 ||| Stepping ~*~*~tactically~*~*~ (hiding).
  9409 | D:8      | Reached skill level 1 in Throwing
  9411 | D:8      | Reached XP level 10. HP: 52/88 MP: 4/9
  9434 | D:8      | 9434 ||| Stepping ~*~*~tactically~*~*~ (hiding).
  9437 | D:8      | 9437 ||| INVOKING Berserk.
  9454 | D:8      | 9454 ||| Stepping ~*~*~tactically~*~*~ (stealth).
  9740 | D:8      | 9740 ||| DROPPING +1 vorpal flail.
  9791 | D:8      | Found a broken altar of Ashenzari.
  9833 | D:8      | 9833 ||| INVOKING Berserk.
  9852 | D:8      | Reached skill level 15 in Axes
 10133 | D:8      | Noticed a red ugly thing
 10134 | D:8      | 10134 ||| Stepping ~*~*~tactically~*~*~ (stealth).
 10141 | D:8      | 10141 ||| INVOKING Berserk.
 10144 | D:8      | Killed a red ugly thing
 10145 | D:8      | Reached skill level 9 in Fighting
 10423 | D:8      | Noticed a deep elf pyromancer
 10424 | D:8      | 10424 ||| Stepping ~*~*~tactically~*~*~ (stealth).
 10427 | D:8      | 10427 ||| Stepping ~*~*~tactically~*~*~ (stealth).
 10434 | D:8      | Killed a deep elf pyromancer
 10496 | D:8      | Noticed a purple ugly thing
 10496 | D:8      | Noticed a boulder beetle
 10497 | D:8      | 10497 ||| Stepping ~*~*~tactically~*~*~ (stealth).
 10516 | D:8      | Killed a purple ugly thing
 10517 | D:8      | Reached skill level 16 in Axes
 10517 | D:8      | 10517 ||| INVOKING Berserk.
 10523 | D:8      | Noticed a catoblepas
 10530 | D:8      | Killed a catoblepas
 10536 | D:8      | Killed a boulder beetle
 10537 | D:8      | Reached XP level 11. HP: 91/100 MP: 10/10
 10576 | D:8      | Noticed a tengu warrior
 10597 | D:8      | 10597 ||| INVOKING Berserk.
 10600 | D:8      | Killed a tengu warrior
 10601 | D:8      | Reached skill level 3 in Throwing
 10968 | D:8      | 10968 ||| PLANNING LAIR
 10968 | D:8      | 10968 ||| UPGRADING to +0 pair of gloves of hurling.
 10973 | D:8      | 10973 ||| UPGRADING to +0 pair of boots.
 10978 | D:8      | 10978 ||| READING 2 scrolls labelled JEJIHU PEFUASO.
 10979 | D:8      | 10979 ||| READING scroll of enchant weapon.
 10979 | D:8      | 10979 ||| ENCHANTING +1 war axe.
 10980 | D:8      | 10980 ||| READING 2 scrolls of identify.
 10980 | D:8      | 10980 ||| IDENTIFYING pink potion
 10981 | D:8      | 10981 ||| DROPPING potion of brilliance.
 11033 | Lair:1   | Entered Level 1 of the Lair of Beasts
 11050 | Lair:1   | 11050 ||| INVOKING Berserk.
 11187 | Lair:1   | 11187 ||| INVOKING Berserk.
 11196 | Lair:1   | Reached skill level 9 in Armour
 11339 | Lair:1   | 11339 ||| INVOKING Berserk.
 11474 | Lair:1   | Noticed a death yak
 11474 | Lair:1   | Noticed a death yak
 11476 | Lair:1   | Noticed a lindwurm
 11478 | Lair:1   | 11478 ||| INVOKING Berserk.
 11481 | Lair:1   | Killed a death yak
 11485 | Lair:1   | Found a dark tunnel.
 11504 | Lair:1   | HP: 22/100 [lindwurm/blast of flame (16)]
 11505 | Lair:1   | 11505 ||| READING scroll of teleportation.
 11506 | Lair:1   | 11506 ||| DRINKING potion of heal wounds.
 11770 | Lair:1   | 11770 ||| INVOKING Berserk.
 11908 | Lair:1   | Noticed a four-headed hydra
 11911 | Lair:1   | 11911 ||| SWAPPING to +0 flail of draining.
 11912 | Lair:1   | 11912 ||| INVOKING Berserk.
 11916 | Lair:1   | Killed a four-headed hydra
 11925 | Lair:1   | 11925 ||| SWAPPING to +2 war axe.
 12001 | Lair:1   | 12001 ||| INVOKING Berserk.
 12161 | Lair:1   | 12161 ||| INVOKING Berserk.
 12176 | Lair:1   | Noticed a bog body
 12179 | Lair:1   | 12179 ||| Stepping ~*~*~tactically~*~*~ (water).
 12182 | Lair:1   | HP: 22/102 [ice devil (8)]
 12185 | Lair:1   | HP: 8/104 [wolf (5)]
 12186 | Lair:1   | Killed a bog body
 12186 | Lair:1   | Slain by an ice devil

Levels and vault maps discovered:
D:1:      scummos_arrival_forest, layout_basic, basic_ecumenical_altar,
          serial_shops, shop
D:2:      layout_basic
D:3:      layout_rooms, serial_shops, nicolae_shop_advertising_works
          [nicolae_subvault_shop_adworks], ebering_ghost_reflecting_pool
D:4:      layout_basic, temple_doors_e
D:5:      layout_gridville, regret_index_temple_of_mockery,
          lemuel_crystal_altar, chequers_temple_overflow_minitemple,
          mainiacjoe_overflow_paths
D:6:      layout_basic
D:7:      kennysheep_seaside_town, layout_basic, enter_bailey_5, uniq_joseph,
          uniq_prince_ribbit1, uniq_menkaure
D:8:      minmay_the_grid_octo_tiled_squarecenter
          [minmay_the_grid_octo_odd_swirl, minmay_the_grid_octo_77,
          minmay_the_grid_octo_tetromino_candy,
          minmay_the_grid_octo_vomiting_pacman,
          minmay_the_grid_square_5x5_megaprize_checkered,
          minmay_the_grid_square_5x5_z, minmay_the_grid_square_5x5_hourglass,
          minmay_the_grid_square_5x5_n, minmay_the_grid_square_5x5_moneybag],
          layout_loops_cross, lair_entry_dummy, serial_shops, shop_coins,
          nicolae_shop_trees
Lair:1:   dreamdust_isle_of_ice, layout_regular_city,
          nicolae_volcano_entry_vermiform, beast_lair_carwin_2

Skill      XL: |  1  2  3  4  5  6  7  8  9 10 11 |
---------------+----------------------------------+-----
Axes           | 4 5 6 7 8 10 12 14 16 | 16.1
Fighting       | 4 5 7 8 10 11 | 11.7
Armour         | 3 5 7 8 11 | 11.1
Dodging        | 3 4 |  4.0
Throwing       | 1 3 |  3.3

Action                   |  1- 3 |  4- 6 |  7- 9 | 10-12 || total
-------------------------+-------+-------+-------+-------++-------
Melee: Hand axe          |    98 |   111 |     6 |       ||   215
       Headbutt          |    12 |    19 |    31 |    39 ||   101
       War axe           |       |       |   180 |   195 ||   375
       Punch             |       |       |     2 |     5 ||     7
       Flail             |       |       |       |     4 ||     4
Throw: Boomerang         |       |       |     3 |    31 ||    34
Invok: Berserk           |       |     1 |    12 |    13 ||    26
  Use: Potion            |     1 |     2 |     3 |     1 ||     7
       Scroll            |       |    11 |     5 |     4 ||    20
Armor: Animal skin       |     9 |       |       |       ||     9
       Leather armour    |     6 |     3 |       |       ||     9
       Plate armour      |       |    51 |    90 |    93 ||   234
Dodge: Dodged            |    58 |    32 |    80 |    55 ||   225

Table legend:
 A = Non-vault XP
 B = Vault XP
 C = Vault XP percentage of total XP
 D = Non-vault monster count
 E = Vault monster count
 F = Vault count percentage of total count
                 A         B        C        D         E       F
            +---------+---------+-------+---------+---------+-------
      Total |    8640 |   11811 |  57.8 |     149 |      69 |  31.7
            +---------+---------+-------+---------+---------+-------
        D:1 |      46 |       0 |   0.0 |      27 |       0 |   0.0
        D:2 |      66 |       0 |   0.0 |      24 |       0 |   0.0
        D:3 |      46 |       0 |   0.0 |      10 |       0 |   0.0
        D:4 |      31 |       0 |   0.0 |      12 |       0 |   0.0
        D:5 |     385 |       0 |   0.0 |      13 |       0 |   0.0
        D:6 |     697 |       0 |   0.0 |      16 |       0 |   0.0
        D:7 |     703 |    2350 |  77.0 |      10 |      32 |  76.2
        D:8 |    1994 |    6411 |  76.3 |      26 |      25 |  49.0
     Lair:1 |    4672 |    3050 |  39.5 |      11 |      12 |  52.2
            +---------+---------+-------+---------+---------+-------
